 Dungeon Crawl Stone Soup version 0.23-a0-677-g07611c5 (console) character file.

107 Duffy the Firebug (level 4, 20/30 HPs)
             Began as a Demonspawn Fire Elementalist on Jan 9, 2019.
             Quit the game on level 3 of the Dungeon.
             The game lasted 00:01:12 (1028 turns).

Duffy the Firebug (Demonspawn Fire Elementalist)    Turns: 1028, Time: 00:01:12

Health: 20/30      AC:  3    Str:  8    XL:     4   Next: 56%
Magic:  0/8        EV: 12    Int: 17    God:
Gold:   68         SH:  0    Dex: 14    Spells: 4/8 levels left

rFire    . . .     SeeInvis .   g - +0 dagger
rCold    . . .     Gourm    .   (no shield)
rNeg     . . .     Faith    .   a - +0 robe
rPois    .         Spirit   .   (no helmet)
rElec    .         Reflect  .   (no cloak)
rCorr    .         Harm     .   (no gloves)
MR       .....                  (no boots)
Stlth    ++........             (no amulet)
HPRegen  0.10/turn              (no ring)
MPRegen  0.11/turn              (no ring)

@: very slightly contaminated
A: rugged brown scales 1, spiny 1
a: no special abilities


You were on level 3 of the Dungeon.
You were not hungry.

You visited 1 branch of the dungeon, and saw 3 of its levels.

You collected 68 gold pieces.

Inventory:

Hand Weapons
 d - a +0 club
 g - a +0 dagger (weapon)
Armour
 a - a +0 robe (worn)
Scrolls
 h - a scroll of remove curse {unknown}
Potions
 e - a potion of heal wounds {unknown}
 f - a potion of haste {unknown}
 i - a potion of flight {unknown}
Comestibles
 c - 3 rations


   Skills:
 - Level 1.7 Dodging
 - Level 1.7 Stealth
 + Level 2.8 Spellcasting
 + Level 3.1 Conjurations
 + Level 3.4 Fire Magic


You had 4 spell levels left.
You knew the following spells:

 Your Spells              Type           Power        Failure   Level  Hunger
h - Flame Tongue          Conj/Fire      ##...        4%          1    #......
l - Conjure Flame         Conj/Fire      ##......     14%         3    ###....

Your spell library contained the following spells:

 Spells                   Type           Power        Failure   Level  Hunger
 Throw Flame              Conj/Fire      ##....       7%          2    ##.....
 Inner Flame              Hex/Fire       #.......     26%         3    ###....
 Sticky Flame             Conj/Fire      ##......     43%         4    #####..
 Fireball                 Conj/Fire      ##........   78%         5    ######.


Dungeon Overview and Level Annotations

Branches:
Dungeon (3/15)

Altars:
Hepliaklqana


Innate Abilities, Weirdness & Mutations

You are partially covered in rugged brown scales. (AC +1, +3% HP)
You are partially covered in sharp spines.


Message History

Casting: Flame Tongue (safe; 6% risk of failure)
Confirm with . or Enter, or press ? or * to list all spells.
Aiming: Flame Tongue (safe; 6% risk of failure)
Press: ? - help, Shift-Dir - straight line, f/p - bullfrog
Aim: a bullfrog (severely wounded)
The flame tongue hits the bullfrog.
The bullfrog is almost dead.
The bullfrog hits you.
Casting: Flame Tongue (safe; 6% risk of failure)
Confirm with . or Enter, or press ? or * to list all spells.
Aiming: Flame Tongue (safe; 6% risk of failure)
Press: ? - help, Shift-Dir - straight line, f/p - bullfrog
Aim: a bullfrog (almost dead)
The flame tongue hits the bullfrog.
You kill the bullfrog!
Your Conjurations skill increases to level 3!
You have reached level 4!
You feel agile.
Your demonic ancestry asserts itself...
Sharp spines emerge from parts of your body.
Are you sure you want to abandon this character and quit the game? (Confirm

################..#
#.................#
########.########..######
...........######..# ..
########.#.........#.###
#...............#
......####@####.#
....#.##.....#
....#.#.......# .....+
#...%...# ........._.....
..#.......#..
.#.#.......#..# #
##.....## ##


There were no monsters in sight!

Vanquished Creatures
  A bullfrog (D:3)
  An orc priest (D:3)
  An orc (D:3)
  A giant cockroach (D:3)
  3 hobgoblins
  4 bats
  A frilled lizard (D:1)
  3 goblins
  2 rats (D:1)
17 creatures vanquished.

Notes
Turn   | Place    | Note
-------+----------+-------------------------------------------
     0 | D:1      | Duffy the Demonspawn Fire Elementalist began the quest for
                  | the Orb.
     0 | D:1      | Reached XP level 1. HP: 13/13 MP: 3/3
   424 | D:1      | Gained mutation: You are partially covered in rugged brown
                  | scales. (AC +1, +3% HP) [demonic ancestry]
   424 | D:1      | Reached XP level 2. HP: 13/19 MP: 1/5
   801 | D:3      | Reached XP level 3. HP: 8/24 MP: 1/6
   806 | D:3      | Learned a level 3 spell: Conjure Flame
  1018 | D:3      | Found a hazy altar of Hepliaklqana.
  1018 | D:3      | Noticed a bullfrog
  1027 | D:3      | Killed a bullfrog
  1027 | D:3      | Gained mutation: You are partially covered in sharp spines.
                  | [demonic ancestry]
  1027 | D:3      | Reached XP level 4. HP: 20/30 MP: 0/8
  1028 | D:3      | Quit the game

Vault maps used:
D:1:      minmay_arrival_hallway
D:2:      cheibrodos_pilgrimage, first_ration
D:3:      minmay_roachtagon, old_standard_altar, uniq_natasha, uniq_robin

Skill      XL: |  1  2  3 |
---------------+----------+-----
Conjurations   | 2 3 |  3.1
Fire Magic     | 3 |  3.4
Dodging        | |  1.7
Stealth        | |  1.7
Spellcasting   | |  2.8

Action                   |  1- 3 |  4- 6 || total
-------------------------+-------+-------++-------
Melee: Dagger            |     7 |       ||     7
 Cast: Flame Tongue      |    32 |     1 ||    33
  Eat: Chunk             |     1 |       ||     1
Armor: Robe              |    11 |       ||    11
Dodge: Dodged            |    28 |       ||    28

Table legend:
 A = Non-vault XP
 B = Vault XP
 C = Vault XP percentage of total XP
 D = Non-vault monster count
 E = Vault monster count
 F = Vault count percentage of total count
                 A         B        C        D         E       F
            +---------+---------+-------+---------+---------+-------
      Total |     110 |      43 |  28.1 |      15 |       2 |  11.8
            +---------+---------+-------+---------+---------+-------
        D:1 |      12 |       0 |   0.0 |      10 |       0 |   0.0
        D:2 |       4 |       0 |   0.0 |       2 |       0 |   0.0
        D:3 |      94 |      43 |  31.4 |       3 |       2 |  40.0
            +---------+---------+-------+---------+---------+-------
